 Dungeon Crawl Stone Soup version 0.18.1-50-g88ac8fd (webtiles) character file.

2221 Peloso the Blocker (level 9, 0/79 HPs)
             Began as a Minotaur Fighter on Sept 24, 2016.
             Was a Believer of Okawaru.
             Slain by a spriggan baker
             ... wielding a +0 dagger
              (8 damage)
             ... on level 6 of the Dungeon.
             The game lasted 00:14:42 (5732 turns).

Peloso the Blocker (Minotaur Fighter)               Turns: 5732, Time: 00:14:42

Health: 0/79       AC: 10    Str: 27    XL:     9   Next: 13%
Magic:  8/8        EV:  9    Int:  5    God:    Okawaru [**....]
Gold:   147        SH: 12    Dex: 12    Spells: 0 memorised, 8 levels left

rFire  . . .     SeeInvis +     a - +0 long sword
rCold  . . .     Gourm    +     u - +0 chain mail
rNeg   . . .     Faith    .     C - +0 shield {reflect}
rPois  .         Spirit   .     (helmet restricted)
rElec  .         Dismiss  .     (no cloak)
rCorr  .         Reflect  +     (no gloves)
SustAt .         Harm     .     (no boots)
MR     .....                    m - amulet of the gourmand
Stlth  ..........               (no ring)
                                i - ring of see invisible

@: mighty, not resistant to hostile enchantments, extremely unstealthy
A: retaliatory headbutt, horns 2
a: Heroism, Renounce Religion


You were on level 6 of the Dungeon.
You worshipped Okawaru.
Okawaru was pleased with you.
You were not hungry.

You visited 1 branch of the dungeon, and saw 7 of its levels.

You collected 257 gold pieces.
You spent 110 gold pieces at shops.

Inventory:

Hand Weapons
 a - a +0 long sword (weapon)
 F - a +4 hand axe
 G - a cursed -2 mace
Armour
 c - a +0 shield
 u - a +0 chain mail (worn)
 C - a +0 shield of reflection (worn)
Jewellery
 i - a ring of see invisible (left hand)
 m - an amulet of the gourmand (around neck)
Wands
 E - a wand of flame (34/48)
 H - a wand of iceblast (8/15)
Scrolls
 e - a scroll of enchant armour {unknown}
 k - a scroll of fog {unknown}
 o - 3 scrolls of noise {unknown}
 p - a scroll of fear {unknown}
 q - 4 scrolls of remove curse {unknown}
 s - 3 scrolls of recharging {unknown}
 t - 3 scrolls of identify {unknown}
 v - a scroll of amnesia {unknown}
 w - a scroll of immolation {unknown}
 A - a scroll of magic mapping {unknown}
 D - a scroll of enchant weapon {unknown}
Potions
 b - 2 potions of mutation {unknown}
 g - 2 potions of haste {unknown}
 l - 2 potions of cancellation {unknown}
 x - a potion of degeneration {unknown}
 z - 2 potions of brilliance {unknown}
 B - a potion of flight {unknown}
Books
 y - a book of Dreams

   Spells                             Type                      Level
   a - Ensorcelled Hibernation        Hexes/Ice                    2
   b - Silence                        Hexes/Air                    5
   c - Darkness                       Hexes                        6
   d - Shadow Creatures               Summoning                    6
 I - a book of Party Tricks

   Spells                             Type                      Level
   a - Summon Butterflies             Summoning                    1
   b - Apportation                    Translocation                1
   c - Tukima's Dance                 Hexes                        3
   d - Alistair's Intoxication        Transmutation/Poison         5
   e - Invisibility                   Hexes                        6
Comestibles
 f - 4 bread rations
 h - a slice of pizza
 n - 2 meat rations
 r - a beef jerky


   Skills:
 + Level 7.4 Fighting
 + Level 6.5 Long Blades
 + Level 7.8 Armour
 + Level 4.4 Dodging
 + Level 0.3 Stealth
 + Level 8.4 Shields


You had 8 spell levels left.
You didn't know any spells.

Dungeon Overview and Level Annotations

Branches:
Dungeon (7/15)             Temple (0/1) D:5

Altars:
Dithmenos
Gozag
Makhleb
Nemelex Xobeh
Okawaru
Pakellas
Trog
Yredelemnul
The Shining One

Shops:
D:5 :[![:


Innate Abilities, Weirdness & Mutations

You reflexively headbutt those who attack you in melee.
You have a pair of horns on your head.


Message History

The spriggan baker hits you with a dagger!
* * * LOW HITPOINT WARNING * * *
The phantom hits you but does no damage.
You climb upwards.
There is a stone staircase leading down here.
Drink which item? (? for menu, Esc to quit)
You feel better.
The spriggan baker hits you with a dagger!
* * * LOW HITPOINT WARNING * * *
The phantom blinks!
Drink which item? (? for menu, Esc to quit)
You feel better.
The spriggan baker hits you but does no damage.
Drink which item? (? for menu, Esc to quit)
You feel very mighty all of a sudden. You block the spriggan baker's attack.
You miss the spriggan baker.
Your headbutt misses the spriggan baker.
The spriggan baker hits you with a dagger!
You die...

###........## #..###.#######
######.#..##### ##.#......#
#..##.....###..#......#
#.###.........##.....)#
###.###.####......##..#.#####
#####...##........###....(......#
......####........# #..###'###..#
.###### #........###..#....†#..#
##########......@.#....#.....#..#
###........(...i...W...'†._..'...
##...##########.....##.#†/...#.#.
......#####............#.....#.##
.......#.<......####...###'###...
........†....##.## #.............
.....>..#######..# #######.##....
....).### ##.# #....... .#...##
#.# ####....


You could see a phantom and a spriggan baker.

Vanquished Creatures
  Sigmund (D:2)
  A hungry ghost (D:7)
  Menkaure (D:6)
  An ice beast (D:6)
  A black bear (D:7)
  2 ogres (D:5)
  2 sky beasts
  Blork the orc (D:5)
  2 giant frogs
  2 scorpions
  2 howler monkeys
  A crimson imp (D:5)
  A giant frog skeleton (D:6)
  3 hounds
  5 orc priests
  5 orc wizards
  Ijyb (D:3)
  4 worker ants
  A hound zombie (D:5)
  A hound skeleton (D:7)
  7 gnolls
  12 adders
  An ooze (D:1)
  An adder skeleton (D:5)
  A worm (D:2)
  11 dart slugs
  6 giant geckos
  20 orcs
  5 bats
  5 giant cockroaches
  11 goblins
  9 hobgoblins
  6 jackals
  A quokka (D:6)
  A ball python (D:2)
  A giant gecko skeleton (D:6)
  6 giant newts
  A jackal skeleton (D:5)
  9 kobolds
  A quokka zombie (D:5)
  7 rats
160 creatures vanquished.

Notes
Turn   | Place    | Note
--------------------------------------------------------------
     0 | D:1      | Peloso the Minotaur Fighter began the quest for the Orb.
     0 | D:1      | Reached XP level 1. HP: 19/19 MP: 0/0
    79 | D:1      | Reached XP level 2. HP: 27/27 MP: 1/1
   106 | D:1      | Reached skill level 4 in Shields
   323 | D:1      | Reached XP level 3. HP: 33/33 MP: 2/2
   648 | D:2      | Reached XP level 4. HP: 16/41 MP: 3/3
   755 | D:2      | Found a burning altar of Makhleb.
  1565 | D:3      | Reached skill level 1 in Dodging
  1724 | D:3      | Reached XP level 5. HP: 47/47 MP: 4/4
  1754 | D:3      | Noticed Sigmund
  1892 | D:2      | Killed Sigmund
  1892 | D:2      | Reached skill level 5 in Fighting
  1892 | D:2      | Reached skill level 5 in Armour
  1892 | D:2      | Reached skill level 5 in Shields
  1892 | D:2      | Reached XP level 6. HP: 47/56 MP: 5/5
  2108 | D:3      | Noticed Ijyb
  2133 | D:3      | Killed Ijyb
  3029 | D:5      | Entered Level 5 of the Dungeon
  3034 | D:5      | Noticed Blork the orc
  3045 | D:5      | Killed Blork the orc
  3045 | D:5      | Reached XP level 7. HP: 48/61 MP: 6/6
  3303 | D:5      | Reached skill level 5 in Long Blades
  3310 | D:5      | Reached skill level 6 in Shields
  3335 | D:5      | Found an iron altar of Okawaru.
  3345 | D:5      | Became a worshipper of Warmaster Okawaru
  3347 | D:5      | Found an opulent altar of Gozag.
  3348 | D:5      | Found a basalt altar of Yredelemnul.
  3379 | D:5      | Found Ytuil's Book Boutique.
  3458 | D:5      | Found Jibewn's Book Shop.
  3469 | D:5      | Found a staircase to the Ecumenical Temple.
  3679 | D:5      | Reached XP level 8. HP: 63/71 MP: 7/7
  3880 | D:5      | Found a shadowy altar of Dithmenos.
  4032 | D:5      | Found Ugafapt's Distillery.
  4038 | D:5      | Found Kual's Armour Emporium.
  4041 | D:5      | Bought a +0 shield of reflection for 110 gold pieces
  4257 | D:5      | Found Puivaces's Armour Shoppe.
  4526 | D:6      | Reached skill level 7 in Shields
  4577 | D:6      | Found an oddly glowing altar of Pakellas.
  4632 | D:6      | Found a sparkling altar of Nemelex Xobeh.
  4678 | D:6      | Reached * piety under Okawaru
  4686 | D:6      | Found an oddly glowing altar of Pakellas.
  5346 | D:7      | Found a glowing golden altar of the Shining One.
  5346 | D:7      | Noticed Menkaure
  5353 | D:6      | Killed Menkaure
  5607 | D:7      | Reached skill level 8 in Shields
  5615 | D:7      | Found a bloodstained altar of Trog.
  5658 | D:7      | Reached XP level 9. HP: 74/79 MP: 8/8
  5674 | D:7      | Reached ** piety under Okawaru
  5727 | D:7      | HP: 2/79 [spriggan baker/dagger (8)]
  5732 | D:6      | Slain by a spriggan baker

Skill      XL: |  1  2  3  4  5  6  7  8 |
---------------+-------------------------+-----
Shields        | 4 5 6 8 |  8.4
Fighting       | 4 5 6 7 |  7.4
Armour         | 4 5 6 7 |  7.8
Long Blades    | 3 4 5 6 |  6.5
Dodging        | 1 2 4 |  4.4
Stealth        | |  0.3

Action                   |  1- 3 |  4- 6 |  7- 9 || total
-------------------------+-------+-------+-------++-------
Melee: Long sword        |    82 |   176 |   253 ||   511
       Headbutt          |    14 |    35 |    51 ||   100
  Use: Potion            |       |       |     4 ||     4
  Eat: Chunk             |       |    21 |    10 ||    31
Armor: Scale mail        |    44 |    25 |       ||    69
       Chain mail        |       |    65 |   218 ||   283
Dodge: Dodged            |    33 |    39 |   103 ||   175
Block: Shield            |    50 |    99 |   227 ||   376
